[Event "4NCL Div 1 2024-25"]
[Site "England"]
[Date "2025.01.25"]
[Round "3.43"]
[White "Chow, Samuel"]
[Black "Dobrolyubov, Alexandr K"]
[Result "1/2-1/2"]
[Annotator "TA"]
[ECO "A59"]
[WhiteElo "2348"]
[BlackElo "1951"]
[PlyCount "55"]
[EventDate "2024.11.23"]
[EventType "team-tourn"]
[EventCountry "ENG"]
[SourceTitle "playchess.com"]
[Source "ChessBase"]
[SourceQuality "1"]
[TimeControl "40/6000+30:3000+30"]

1. d4 Nf6 2. c4 c5 3. d5 b5 4. cxb5 a6 5. bxa6 Bxa6 6. Nc3 g6 7. e4 Bxf1 8. Kxf1 d6 9. Nf3 Bg7 10. g3 O-O 11. Kg2 Nbd7 12. a4 Qa5 13. Qc2 Rfb8 14. Rb1 ({Better is} 14. Ra3 $16) 14... Ng4 $11 15. h3 Nge5 16. Nxe5 Nxe5 17. b3 c4 18. Bd2 cxb3 19. Rxb3 Nc4 20. Be1 Qc5 21. Qb1 (21. Rxb8+ $5 Rxb8 22. Nd1 $11 (22. Nb5 $2 Ne3+ 23. Kf3 Qxc2 $19)) 21... Rxb3 22. Qxb3 Rc8 {[%emt 0:12:10][%cal Ba8c8,Bc8c2,Bc2a2][%mdl 32] [#] White must now prevent ...Na5.} (22... Na5 $5 23. Qb5 $8 Qd4 $11) 23. Ne2 Nb2 {[%emt 0:10:24] The position is equal.} 24. a5 Qc2 {[%emt 0:02:41] Dodges Bd2} 25. Qxc2 Rxc2 26. a6 {[%emt 0:06:55] [#] And now a7 would win.} Nd3 $1 27. a7 Ra2 (27... Rxe2 $2 {loses.} 28. a8=Q+ (28. a8=B $2 {too greedy.} Nxe1+ 29. Kf1 Ra2 $19) 28... Bf8 29. Qa1 $18) 28. Bd2 {[%emt 0:03:16] Weighted Error Value: White=0.17 (very precise) /Black=0.04 (flawless) .  Mistake:       	White=1     	---        Inaccurate:     	White=2     	Black=1      OK:         	White=7     	Black=9      Best:        	---       	Black=2      Strong:       	---       	Black=1} 1/2-1/2

[Event "4NCL Div 1 2024-25"]
[Site "England"]
[Date "2025.01.25"]
[Round "3.44"]
[White "Foisor, Mihaela-Veronica"]
[Black "Turner, Max N"]
[Result "0-1"]
[Annotator "TA"]
[ECO "D27"]
[WhiteElo "2156"]
[BlackElo "2247"]
[PlyCount "116"]
[EventDate "2024.11.23"]
[EventType "team-tourn"]
[EventCountry "ENG"]
[SourceTitle "playchess.com"]
[Source "ChessBase"]
[SourceQuality "1"]
[TimeControl "40/6000+30:3000+30"]

1. c4 e6 2. Nc3 d5 3. d4 Nf6 4. Nf3 c6 5. e3 Nbd7 6. Bd3 dxc4 7. Bxc4 b5 8. Be2 Bb7 9. O-O a6 10. a3 c5 11. dxc5 {[%emt 0:03:14] 11.dxc5 has lost popularity.} Bxc5 12. b4 {[%emt 0:00:06] D27: Queen's Gambit Accepted: Classical main line: 7 e4!? and 7 a4.} Ba7 13. a4 Qc7 $146 (13... bxa4 14. Qxa4 O-O 15. Bb2 Qe7 16. Qb3 Bb8 17. b5 Nc5 18. Qc2 Rc8 19. bxa6 Nxa6 20. Bxa6 Rxa6 21. Rxa6 Bxa6 {½-½ Peptan,C (2399)-Cramling,P (2448) Medias Kings blitz (Women) 11th 2017 (3)}) 14. Bb2 {[%emt 0:01:48] White is slightly better.} Ng4 ({Black should try} 14... bxa4 $1 $14 15. Rc1 (15. Rxa4 Bb8 $11) (15. Nxa4 O-O $11) 15... Qb8) 15. g3 $1 $16 bxa4 16. Nxa4 {[%emt 0:02:24] A sharp opening} Rd8 (16... Qc6 $16 {is a better defense.}) 17. Rc1 (17. Qc1 $18 {has better winning chances.} Qd6 18. Qc3 (18. Bxg7 Rg8 $16)) 17... Qb8 18. Nd4 (18. Bxg7 Nxe3 19. fxe3 Rg8 $14) 18... Nge5 19. f4 Ng6 20. Nc5 (20. f5 {feels hotter.} exf5 21. Nxf5 O-O 22. Bxg7 Bxe3+ 23. Nxe3 Kxg7 24. Qd6) 20... Nxc5 21. bxc5 {[%emt 0:00:08][%csl Oc5][%cal Bb4c5,Bc5c6,Bc6c7][%mdl 32] White has a strong passed pawn} O-O 22. Qb3 $36 {[%emt 0:19:25][%mdl 2048] White is on the roll.} Bd5 23. Qxb8 Rxb8 24. Ba3 a5 (24... e5 $16 25. fxe5 Nxe5) 25. c6 $18 (25. Nb5 Ra8 26. Nxa7 Rxa7) 25... Bxd4 26. exd4 Rfc8 {[%emt 0:01:04] Black is weak on the dark squares} 27. c7 Rb6 (27... Ra8 $142 28. Rc5 Nf8) 28. Rb1 Bb3 29. Bc5 Rb7 30. Ba6 {[%emt 0:01:05] A strong pair of Bishops.} Rcxc7 31. Bxb7 Rxb7 32. f5 exf5 33. Rxf5 {[%emt 0:00:24] aiming for Bd6.} a4 34. d5 (34. Re1 $16 {White threatens Re8+ and mate.} h6 35. Rf3) 34... f6 $11 35. Re1 Bc2 (35... h6 $11) 36. Rf2 $16 Bb3 {[%emt 0:00:08] [#]} 37. d6 $1 ({But not} 37. Re8+ Kf7 38. Rd8 Ne5 $11) 37... Rd7 38. Re8+ Kf7 39. Rc8 Ne5 40. Re2 Ke6 41. Bb4 Rb7 42. Re8+ Kd5 43. Rd2+ (43. Ba3 $16) 43... Kc4 44. Rxe5 fxe5 45. d7 $2 {[%emt 0:00:00][%mdl 8192] [#]} (45. Ba3 $11 Rd7 46. Bb2) 45... Rxd7 $3 $19 46. Rxd7 (46. Ba5 Ra7) 46... Kxb4 {[%emt 0:00:00][%mdl 4096] Endgame KR-KB} 47. Rb7+ Kc3 48. Rc7+ Kb2 {[%emt 0:00:00] and ...a3 should not be overlooked} 49. Rxg7 a3 {[%emt 0:00:00] ( -> ...a2)} 50. Rxh7 a2 {[%emt 0:00:00] Black mates.} 51. Ra7 a1=Q+ (51... a1=B 52. h4 Kb1 53. Rd7 $11) 52. Rxa1 Kxa1 {[%emt 0:00:00] KB-KPP} 53. Kf2 Kb2 54. Ke3 {[%emt 0:00:00] [#]} Bc2 $1 55. g4 Kc3 56. h4 Kc4 57. h5 Kd5 58. g5 Bd1 {[%emt 0:00:00] Never resign too early!   Weighted Error Value: White=0.56/Black=0.20 (precise)   Loses game:     	White=1     	---        Mistake:       	White=3     	Black=5      Inaccurate:     	White=1     	Black=3      OK:         	White=12    	Black=14     Best:        	---       	Black=3      Strong:       	White=2     	---        Brilliant:      	---       	Black=1} 0-1

[Event "4NCL Div 1 2024-25"]
[Site "England"]
[Date "2025.01.25"]
[Round "3.45"]
[White "Li, Harry"]
[Black "Birtwistle, Nigel"]
[Result "1/2-1/2"]
[Annotator "TA"]
[ECO "B36"]
[WhiteElo "2203"]
[BlackElo "2041"]
[PlyCount "45"]
[EventDate "2024.11.23"]
[EventType "team-tourn"]
[EventCountry "ENG"]
[SourceTitle "playchess.com"]
[Source "ChessBase"]
[SourceQuality "1"]
[TimeControl "40/6000+30:3000+30"]

1. e4 c5 2. Nf3 g6 3. d4 cxd4 4. Nxd4 Nc6 5. c4 Nf6 6. Nc3 Nxd4 7. Qxd4 d6 8. Be2 Bg7 9. O-O O-O 10. Qd3 Be6 11. Be3 a5 {[%emt 0:03:25] B36: Sicilian: Maroczy Bind: Gurgenidze System.} 12. b3 Nd7 13. Qd2 Nc5 {[%emt 0:04:57] White is slightly better.} 14. f3 Qb6 15. Rab1 Qb4 16. Rfc1 Rfc8 17. Rc2 a4 $146 (17... Bxc3 {simplifies} 18. Qxc3 Qxc3 19. Rxc3 f6) (17... f5 18. Qc1 fxe4 19. a3 Qb6 20. b4 a4 21. bxc5 Qc6 22. cxd6 exd6 {1-0 Abdulla,K (2151)-Bauer,M (1888) Wch U16 Girls 2009 (6)}) 18. bxa4 Qa5 19. Nd5 Bxd5 20. cxd5 {[%emt 0:00:00] Strongly threatening Qxa5.} (20. Qxa5 $5 Rxa5 21. cxd5 $11) 20... Qxa4 21. g3 Rc7 {[%emt 0:02:37][%cal Oc5e4] [#] Threatens to win with ...Nxe4!.} 22. Bb5 Qa3 23. Bf1 $2 {[%emt 0:00:00] Weighted Error Value: White=0.09 (flawless) /Black=0.08 (flawless)   Loses game:     	White=1     	---        Inaccurate:     	White=2     	---        OK:         	White=4     	Black=5      Best:        	---       	Black=1} (23. Qe2 $11 {and White is okay.}) 1/2-1/2

[Event "4NCL Div 1 2024-25"]
[Site "England"]
[Date "2025.01.25"]
[Round "3.47"]
[White "Nakara Husain"]
[Black "Milson, Samuel A"]
[Result "1/2-1/2"]
[Annotator "TA"]
[ECO "C02"]
[WhiteElo "1663"]
[BlackElo "2069"]
[PlyCount "42"]
[EventDate "2024.11.23"]
[EventType "team-tourn"]
[EventCountry "ENG"]
[SourceTitle "playchess.com"]
[Source "ChessBase"]
[SourceQuality "1"]
[TimeControl "40/6000+30:3000+30"]

1. e4 e6 2. d4 d5 3. e5 c5 4. c3 Nc6 5. Nf3 Bd7 6. a3 Qb6 7. Be2 Nh6 8. b4 cxd4 9. cxd4 Nf5 10. Bb2 Be7 11. O-O h5 {[%emt 0:03:17] C02: French: Advance Variation.} 12. b5 Na5 13. Nc3 Rc8 {[%emt 0:03:20] Black has an edge.} 14. Na4 Qd8 15. Rc1 Rxc1 16. Qxc1 a6 $146 (16... b6 17. Nd2 a6 18. Nc3 Nxd4 19. bxa6 Nxe2+ 20. Nxe2 Bb5 21. Bc3 Bxe2 22. Bxa5 O-O {½-½ Nanu,C (2417)-Itkis,B (2442) Bucharest Astral op 2001 (6)}) 17. Nc3 Qb6 {[%emt 0:06:36] White must now prevent ...Nb3.} 18. Na4 Qd8 19. Nc3 Qb6 20. Na4 Qd8 21. Nc3 Qb6 {[%emt 0:03:59] Weighted Error Value: White=0.04 (flawless) /Black=0.11 (very precise)   Inaccurate:     	---       	Black=1      OK:         	White=1     	Black=5      Best:        	White=5     	---} 1/2-1/2

[Event "4NCL Div 1 2024-25"]
[Site "England"]
[Date "2025.01.25"]
[Round "3.48"]
[White "McCarthy, Kevin C"]
[Black "Carroll, Thomas"]
[Result "0-1"]
[Annotator "TA"]
[ECO "B13"]
[WhiteElo "1954"]
[BlackElo "2126"]
[PlyCount "145"]
[EventDate "2024.11.23"]
[EventType "team-tourn"]
[EventCountry "ENG"]
[SourceTitle "playchess.com"]
[Source "ChessBase"]
[SourceQuality "1"]
[TimeControl "40/6000+30:3000+30"]

1. d4 Nf6 2. Nc3 d5 3. Bf4 c5 4. e3 cxd4 5. exd4 a6 6. Bd3 {[%emt 0:00:22] B13: Caro-Kann: Exchange Variation and Panov-Botvinnik Attack.} Nc6 7. Nge2 {[%emt 0:01:20] 7.Nce2 is the fancy move.} e6 8. a3 {[%emt 0:00:13] The position is equal.} Bd7 $146 (8... Be7 9. O-O O-O 10. b4 Bd7 11. Qb1 Na7 12. a4 Nc6 13. Na2 a5 14. b5 Na7 {0-1 Rodriguez Vila,A (2469)-Vazquez,G (2510) Florianopolis op 6th 2020 (10.6)}) 9. O-O Rc8 10. Qd2 Qb6 11. Na4 Qa7 12. Be3 Ng4 13. Nac3 (13. Nc5 $14) 13... Nxe3 14. Qxe3 Be7 15. Nd1 Na5 16. c3 Bb5 (16... b5 $15) 17. Bxb5+ $14 axb5 18. Qg3 O-O 19. Ne3 Nc4 20. Nxc4 bxc4 21. Qe3 Qa4 22. Qd2 Rc6 23. g3 Rb6 24. Rfb1 Ra8 25. Nc1 g6 26. Na2 {[%emt 0:02:41] White is weak on the light squares} Kg7 27. Qc1 h5 28. h4 Rba6 29. Qd1 Qc6 (29... Qxd1+ $15 30. Rxd1 Kf8) 30. Nb4 $11 Bxb4 31. axb4 Ra2 32. Qe1 Qa4 33. Rxa2 Qxa2 {[%emt 0:00:03][%mdl 4096] Endgame KQR-KQR} 34. Kg2 Kf8 35. Kf3 Ra6 36. Kf4 f6 37. Qd1 Kf7 (37... Qa4 38. Qxa4 Rxa4 39. f3 Kf7) 38. Qc2 Rd6 39. Re1 Qa8 40. Kf3 Ra6 41. Qd2 Kg7 42. Qf4 Qd8 {[%emt 0:01:17] Wards off Qc7+} 43. Re2 (43. Kg2 {simplifies} Qe7 44. Qe3 Qd7 45. Qe2) 43... g5 (43... Qe7 $11) 44. hxg5 $16 fxg5 45. Qe3 ({Better is} 45. Qc1 $1 $16) 45... Qf6+ $11 46. Kg2 Kf7 47. f3 Ra1 48. Re1 (48. g4 $1 $11) 48... Ra2 ({Black should play} 48... Rxe1 $15 49. Qxe1 Qf5) 49. Re2 Qf5 50. Rf2 {[%emt 0:00:00] [#]} (50. Qc1 $11) 50... Ra1 $1 $17 51. Re2 Rd1 {[%emt 0:01:38] Black is more active.} 52. Rd2 Rb1 53. Re2 Ra1 $40 {[%emt 0:04:55][%mdl 128] White needs to defend precisely.} 54. Qe5 Qxe5 55. Rxe5 $15 {[%emt 0:01:31] KR-KR} Kf6 56. Re2 Ra8 57. Kh3 Ke7 58. Re5 Rg8 59. Re2 Kd6 60. b3 $2 cxb3 $19 {[%emt 0:01:09] and ...Rc8 would now be decisive} 61. Rb2 Kc6 62. Rxb3 {[%emt 0:00:05] [#]} Kb5 $1 63. Ra3 Kc4 64. Kg2 Kd3 65. b5 Rc8 66. Ra7 Rc7 (66... Rxc3 67. Rxb7 g4 (67... Kxd4 68. Re7 $15) 68. fxg4 hxg4 (68... Kxd4 $2 69. gxh5 Rc2+ 70. Kh3 $18) 69. Re7 $11) 67. b6 Rd7 (67... Rxc3 68. Rxb7 g4 (68... Kxd4 69. Rg7 $11) 69. fxg4 hxg4 (69... Kxd4 $2 {loses.} 70. gxh5 Rc2+ 71. Kh3 $18) 70. Rg7 $15) 68. Ra3 $2 (68. Kf2 {is a better defense.}) 68... Rd6 69. Rb3 Kc2 70. Rb5 Kxc3 {[%emt 0:00:10] Black is clearly winning.} 71. Rc5+ (71. Kf1 $142) 71... Kxd4 72. Rc7 Rxb6 73. Rg7 {[%emt 0:00:06] Weighted Error Value: White=0.21 (precise) /Black=0.12 (very precise)   Loses game:     	White=1     	---        Mistake:       	White=6     	Black=4      Inaccurate:     	White=5     	Black=5      OK:         	White=23    	Black=27     Best:        	White=4     	Black=3      Strong:       	---       	Black=1} 0-1